 Dungeon Crawl Stone Soup version 0.30.0-29-ga12c61a403 (webtiles) character file.

Game seed: 15190013380982312925

137151 Bnni the Earth Mage (level 17, -2/136 HPs)
             Began as a Formicid Earth Elementalist on June 4, 2023.
             Was the Champion of Cheibriados.
             Killed from afar by a salamander tyrant (4 damage)
             ... with a flame surge
             ... on level 4 of the Snake Pit on June 5, 2023.
             The game lasted 01:34:01 (33267 turns).

Bnni the Earth Mage (Formicid Earth Elementalist)  Turns: 33267, Time: 01:34:02

Health: -2/136     AC: 27    Str: 30    XL:     17   Next: 82%
Magic:  12/33      EV: 15    Int: 42    God:    Cheibriados [******]
Gold:   2947       SH: 14    Dex: 29    Spells: 20/40 levels left

rFire   + + .        Q - +9 short sword "Raxef" {freeze, Str+2}
rCold   . . .        S - +0 kite shield {rF+}
rNeg    . . .        f - +10 chain mail of Luggiug {Int+4}
rPois   +            (helmet unavailable)
rElec   .            R - +1 cloak {rPois}
rCorr   .            (no gloves)
SInv    +            D - +1 pair of boots
Will    +....        J - amulet of the acrobat Stlth
                     c - +5 ring of evasion
HPRegen 0.42/turn    P - ring of protection from fire
MPRegen 0.23/turn

%: acrobat
@: weakened, very slow
A: permanent stasis, dig shafts and tunnels, antennae 3, four strong arms
a: Dig, Shaft Self, Renounce Religion, Bend Time, Temporal Distortion, Slouch,
Step From Time


You were on level 4 of the Snake Pit.
You worshipped Cheibriados.
Cheibriados was exalted by your worship.
You visited 5 branches of the dungeon, and saw 25 of its levels.
You also visited: Gauntlet and Ice Cave.

You collected 3535 gold pieces.
You spent 588 gold pieces at shops.

Inventory:

Hand Weapons
 O - a +2 trident of protection
 Q - the +9 short sword "Raxef" (weapon) {freeze, Str+2}
   (You found it on level 5 of the Lair of Beasts)

   Str:       It affects your strength (+2).
 W - the +9 short sword of Zogheas {flame, Dex+4}
   (You found it in a Gauntlet)

   Dex:       It affects your dexterity (+4).
Missiles
 q - 40 poisoned darts
 r - a throwing net
 I - 5 curare-tipped darts
Armour
 f - the +10 chain mail of Luggiug (worn) {Int+4}
   (You found it on level 2 of the Lair of Beasts)

   Int:       It affects your intelligence (+4).
 D - a +1 pair of boots (worn)
 R - a +1 cloak of poison resistance (worn)
 S - a +0 kite shield of fire resistance (worn)
Jewellery
 c - a +5 ring of evasion (left hand)
 n - a ring of flight
 t - a ring of protection from cold
 u - a ring of positive energy
 B - a ring of protection from cold
 J - an amulet of the acrobat (around neck)
 P - a ring of protection from fire (right hand)
 Y - a ring of protection from fire
Wands
 C - a wand of iceblast (5)
 E - a wand of flame (20)
 F - a wand of acid (10)
 N - a wand of charming (11)
Scrolls
 d - 4 scrolls of enchant armour
 g - 2 scrolls of amnesia
 h - 7 scrolls of fear
 i - 4 scrolls of fog
 l - 2 scrolls of immolation
 w - a scroll of enchant weapon
 y - 6 scrolls of vulnerability
 A - 2 scrolls of silence
 H - 4 scrolls of poison
 L - 3 scrolls of butterflies
 T - a scroll of brand weapon
Potions
 a - 4 potions of attraction
 b - a potion of magic
 e - 3 potions of heal wounds
 j - 5 potions of lignification
 k - 11 potions of curing
 m - 4 potions of flight
 o - 4 potions of degeneration {unknown}
 p - 3 potions of might {unknown}
 s - 2 potions of cancellation
 v - 4 potions of mutation
 x - 3 potions of brilliance {unknown}
 z - a potion of experience {unknown}
 G - 2 potions of ambrosia {unknown}
 K - 2 potions of berserk rage {unknown}
 M - a potion of invisibility {unknown}
 V - 3 potions of resistance
Miscellaneous
 U - a phial of floods


   Skills:
 + Level 13.0 Fighting
 + Level 11.1 Armour
 - Level 1.7 Dodging
 - Level 2.4 Stealth
 * Level 9.6 Shields
 + Level 12.3 Spellcasting
 + Level 1.2 Conjurations
 - Level 10.0 Necromancy
 * Level 10.5 Transmutations
 * Level 18.1 Earth Magic
 - Level 13.0 Invocations


You had 20 spell levels left.
You knew the following spells:

 Your Spells              Type           Power      Damage    Failure   Level
a - Sandblast             Erth           100%       2d20      0%          1
b - Passwall              Tmut/Erth      81%        N/A       1%          2
c - Stone Arrow           Conj/Erth      100%       3d13      1%          3
d - Petrify               Tmut/Erth      98%        N/A       1%          4
e - Lee's Rapid Deconstr  Erth           54%        3d25*     1%          5
h - Borgnjor's Vile Clut  Necr/Erth      48%        N/A       1%          5

Your spell library contained the following spells:

 Spells                   Type           Power      Damage    Failure   Level
 Spider Form              Tmut/Pois      63%        N/A       1%          3
 Animate Dead             Necr           83%        N/A       1%          4
 Leda's Liquefaction      Hex/Erth       40%        N/A       1%          4
 Blade Hands              Tmut           42%        N/A       2%          5
 Statue Form              Tmut/Erth      65%        N/A       2%          6
 Momentum Strike          Conj/Tloc      62%        3d9       7%          2
 Static Discharge         Conj/Air       62%        2-5/arc   7%          2
 Anguish                  Hex/Necr       30%        N/A       8%          4
 Ensorcelled Hibernation  Hex/Ice        50%        N/A       9%          2
 Lesser Beckoning         Tloc           50%        N/A       9%          2
 Scorch                   Fire           50%        2d7       9%          2
 Irradiate                Conj/Tmut      33%        3d22      16%         5
 Death Channel            Necr           41%        N/A       16%         6
 Tukima's Dance           Hex            25%        N/A       19%         3
 Alistair's Intoxication  Tmut/Pois      42%        N/A       19%         5
 Yara's Violent Unravell  Hex/Tmut       31%        3d13      19%         5
 Flame Wave               Conj/Fire      31%        2d9       43%         4
 Airstrike                Air            12%        2d(2-18)  52%         4
 Cause Fear               Hex            12%        N/A       52%         4
 Passage of Golubria      Tloc           25%        N/A       52%         4
 Summon Lightning Spire   Summ/Air       25%        N/A       52%         4
 Dragon Form              Tmut           42%        N/A       56%         7
 Eringya's Noxious Bog    Tmut/Pois      31%        N/A       71%         6
 Summon Cactus Giant      Summ           12%        N/A       100%        6
 Dragon's Call            Summ           12%        N/A       100%        9
 Blink                    Tloc           Unusable   N/A       N/A         2

Dungeon Overview and Level Annotations

Branches:
Dungeon (13/15)            Temple (1/1) D:4            Lair (5/5) D:10
  Swamp (0/4) Lair:3        Snake (4/4) Lair:3        Slime (0/5) Lair:5
    Orc (2/2) D:11            Elf (0/3) Orc:2         IceCv (visited)
Gauntlet (visited)
 Vaults: D:13-14

Altars:
Ashenzari
Cheibriados
Dithmenos
Elyvilon
Fedhas
Gozag
Hepliaklqana
Kikubaaqudgha
Makhleb
Nemelex Xobeh
Okawaru
Qazlal
Ru
Sif Muna
Trog
Uskayaw
Vehumet
Wu Jian
Xom
Yredelemnul
Zin
The Shining One

Shops:
D:2 *   D:3 =   D:8 [   D:10 *   Orc:2 *([*:

Portals:
Abyss: D:13

Annotations:
D:13 2 transporters, raetorn's ghost, journeyman SpEn


Innate Abilities, Weirdness & Mutations

You cannot be hasted, slowed, berserked, paralysed or teleported.
You can dig through walls and to a lower floor.
You have a pair of large antennae on your head. (SInv)
Your four strong arms can wield two-handed weapons with a shield.


Message History

The salamander tyrant no longer looks unusually strong.
You block the guardian serpent's attack. x2
You block the nagaraja's attack. The nagaraja constricts you.
The guardian serpent hits you!
* * * LOW HITPOINT WARNING * * *
Unknown command.
You feel much better.
You feel sick. The guardian serpent hits you.
You block the guardian serpent's attack.
You block the salamander tyrant's attack.
The nagaraja barely misses you. The nagaraja constricts you.
The guardian serpent hits you!
* * * LOW HITPOINT WARNING * * *
The guardian serpent hits you but does no damage.
You step out of the flow of time.
You return to the normal time flow.
A nagaraja comes into view. It is wielding a +0 spear.
You feel sick.
The nagaraja shouts!
The nagaraja casts a spell.
The nagaraja seems to speed up.
The salamander tyrant rends the earth beneath you!
The blast of magma engulfs you! You partially resist.
* * * LOW HITPOINT WARNING * * *
Unknown command.
Unknown command.
You feel better.
Casting: Borgnjor's Vile Clutch (mildly dangerous; 1% risk of failure)
Confirm with . or Enter, or press ? or * to list all spells.
Aiming: Passwall (safe; 1% risk of failure)
Press: ? - help, Dir - move target A rock wall.
You begin to meditate on the wall.
You continue meditating on the rock.
The salamander tyrant rends the earth beneath you!
The blast of magma engulfs you!! You partially resist.
* * * LOW HITPOINT WARNING * * *
You continue meditating on the rock.
The nagaraja casts a spell.
The nagaraja seems to speed up.
The salamander tyrant calls gouts of flame from the lava!
The flame surge hits you. You resist.
You die...

..<.....#.N....... ....###
.............#N... #....
.......).....#..... ####. #
..#...#.)..##...... #. ..##
.......)##N....... ##.
....###...###.......... #..
.......#.#.(...N.[..... ###.#
..............≈≈≈....# #....
...............@≈.#### #....
#....<....###### #....
####)..##.# #....
#########.###################....
.^........#...##.................
.....##.............#............
....#####..........##............
....#######.#####..##............
.......###..# #..##............


You could see 2 nagarajas and a salamander tyrant.

Vanquished Creatures
  An orc warlord (Orc:2)
  A dire elephant (Gauntlet)
  A minotaur (Gauntlet)
  6 hydras
  5 salamander tyrants
  Erolcha (D:10)
  8 anacondas
  3 centaur warriors (D:13)
  A catoblepas (Lair:3)
  An ogre mage (Orc:1)
  2 boulder beetles (D:12)
  A death yak (Lair:5)
  10 naga warriors
  5 two-headed ogres
  A tengu warrior (Gauntlet)
  3 orc high priests
  4 shock serpents
  11 naga sharpshooters
  Urug (Lair:2)
  Nergalle (Lair:1)
  5 skeletal warriors (D:13)
  3 salamander mystics
  3 naga ritualists
  Pikel (D:4)
  A bog body (IceCv)
  The ghost of engelados the Destroyer, a novice OpCj of Vehumet (D:6)
  A necromancer (IceCv)
  6 mana vipers
  10 orc knights
  2 ugly things
  3 manticores
  4 oklob plants (Lair:5)
  7 orc sorcerers
  11 salamanders
  3 guardian serpents
  2 ice statues (IceCv)
  2 cyclopes
  21 naga magi
  A torpor snail (Lair:5)
  40 black mambas
  7 elephants
  9 cane toads
  7 komodo dragons
  An unseen horror (shapeshifter) (D:13)
  2 rime drakes
  A kobold demonologist (D:12)
  3 tengu conjurers
  A freezing wraith (IceCv)
  An anaconda simulacrum (IceCv)
  7 ice devils
  5 polar bears
  5 hornets
  A tyrant leech (Lair:3)
  5 trolls
  Grinder (D:6)
  8 blink frogs
  5 dream sheep (Lair:5)
  A spriggan (shapeshifter) (D:13)
  4 dire elephant simulacra (IceCv)
  A wraith (D:10)
  38 yaks
  16 spriggans (Lair:5)
  9 wyverns
  4 vampire mosquitoes
  2 harpy simulacra (IceCv)
  5 basilisks
  2 wargs
  Edmund (D:6)
  4 swamp worms (Lair:3)
  3 acid dragons
  45 nagas
  19 water moccasins
  3 hydra simulacra (IceCv)
  43 orc warriors
  2 ice beasts
  8 black bears
  8 ogres
  19 wolves
  16 centaurs
  3 boggarts (Lair:5)
  3 phantoms (D:6)
  3 kobold brigands
  5 necrophages (D:5)
  A wyvern zombie (D:5)
  8 bullfrogs
  6 scorpions
  16 wights
  19 killer bees
  6 electric eels
  7 howler monkeys
  4 lava snakes (Lair:3)
  34 orc priests
  4 hounds
  A jelly (D:6)
  An iron imp (D:9)
  A sleepcap (D:8)
  Natasha (thrice) (D:3)
  3 iguanas
  32 orc wizards
  7 hell rats (Lair:1)
  2 spriggan simulacra (IceCv)
  A hound zombie (D:5)
  3 gnolls (D:5)
  5 adders
  A shadow imp (D:7)
  3 white imps (Gauntlet)
  2 ufetubi (IceCv)
  An adder zombie (D:5)
  3 worms (D:3)
  3 dart slugs
  87 orcs
  4 ball pythons
  3 bats (D:1)
  12 endoplasms
  7 giant cockroaches
  3 goblins
  4 hobgoblins
  7 jackals
  6 quokkas
  4 frilled lizards
  19 kobolds
  9 rats
872 creatures vanquished.

Vanquished Creatures (others)
  A naga (Snake:2)
1 creature vanquished.

Grand Total: 873 creatures vanquished

Notes
Turn   | Place    | Note
-------+----------+-------------------------------------------
     0 | D:1      | Bnni the Formicid Earth Elementalist began the quest for
                  | the Orb.
     0 | D:1      | Reached XP level 1. HP: 13/13 MP: 3/3
   184 | D:1      | Reached XP level 2. HP: 20/20 MP: 3/5
   432 | D:1      | Reached skill level 4 in Earth Magic
   752 | D:1      | Learned a level 2 spell: Passwall
   796 | D:1      | Found a faded altar of an unknown god.
   798 | D:1      | Reached XP level 3. HP: 25/25 MP: 4/6
   997 | D:2      | Reached skill level 1 in Fighting
  1074 | D:2      | Found Vorph's Assorted Antiques.
  1417 | D:2      | Reached XP level 4. HP: 32/32 MP: 0/7
  1626 | D:3      | Learned a level 3 spell: Stone Arrow
  1633 | D:3      | Noticed Natasha
  1635 | D:3      | Killed Natasha
  1636 | D:3      | Reached skill level 1 in Necromancy
  1668 | D:3      | Identified the +4 robe of Hymos {rN+ Stlth+}
  1805 | D:3      | Noticed Natasha
  1809 | D:3      | Killed Natasha
  1810 | D:3      | Reached XP level 5. HP: 37/37 MP: 5/9
  1993 | D:3      | Noticed Natasha
  1995 | D:3      | Reached skill level 5 in Earth Magic
  1998 | D:3      | Killed Natasha
  2316 | D:3      | Found Sippotes's Jewellery Shoppe.
  2599 | D:4      | Noticed Pikel
  2599 | D:4      | Noticed a lemure
  2599 | D:4      | Noticed a lemure
  2599 | D:4      | Noticed a lemure
  2679 | D:4      | Reached XP level 6. HP: 43/44 MP: 7/10
  2948 | D:4      | Learned a level 5 spell: Borgnjor's Vile Clutch
  3123 | D:4      | Killed Pikel
  3124 | D:4      | Reached skill level 6 in Earth Magic
  3124 | D:4      | Reached XP level 7. HP: 52/52 MP: 3/12
  3126 | D:4      | Reached XP level 8. HP: 58/58 MP: 3/13
  3227 | D:4      | Found a staircase to the Ecumenical Temple.
  3234 | Temple   | Entered the Ecumenical Temple
  3787 | D:5      | Entered Level 5 of the Dungeon
  3795 | D:5      | Learned a level 4 spell: Petrify
  3820 | D:4      | Reached skill level 7 in Earth Magic
  4148 | D:5      | Reached skill level 5 in Necromancy
  4235 | D:5      | Reached skill level 8 in Earth Magic
  4235 | D:5      | Reached XP level 9. HP: 40/65 MP: 10/16
  4741 | D:5      | Found a blossoming altar of Fedhas.
  4804 | D:5      | Reached skill level 5 in Spellcasting
  4832 | D:5      | Reached skill level 9 in Earth Magic
  5021 | D:6      | Noticed Edmund
  5025 | D:6      | Killed Edmund
  5026 | D:6      | Reached skill level 5 in Fighting
  5136 | D:6      | Found a transporter.
  5137 | D:6      | Noticed engelados's ghost (novice OpCj)
  5140 | D:6      | Found a transporter.
  5165 | D:6      | Noticed Grinder
  5172 | D:6      | Killed Grinder
  5364 | D:6      | Reached XP level 10. HP: 74/74 MP: 12/18
  5467 | D:6      | Reached skill level 10 in Earth Magic
  5886 | D:6      | Killed engelados's ghost
  6085 | D:2      | Bought a garnet ring for 140 gold pieces
  6085 | D:2      | Bought an inky potion for 25 gold pieces
  6085 | D:2      | Bought a scroll labelled ZATHUADD DYDYP for 28 gold pieces
  6664 | D:7      | Reached skill level 11 in Earth Magic
  6687 | D:7      | Found a hide-covered altar of Uskayaw.
  7868 | D:8      | Reached XP level 11. HP: 66/83 MP: 15/21
  7965 | D:8      | Found Neucvufaet's Antique Armour Shoppe.
  7972 | D:8      | Bought a pair of glowing boots for 150 gold pieces
  8886 | D:9      | Reached skill level 1 in Armour
  8886 | D:9      | Reached skill level 1 in Invocations
  9230 | D:9      | Found a snail-covered altar of Cheibriados.
  9249 | D:9      | Became a worshipper of Cheibriados the Contemplative
  9300 | D:9      | Found a broken altar of Ashenzari.
  9305 | D:9      | Reached skill level 12 in Earth Magic
  9731 | D:9      | Noticed a two-headed ogre
  9743 | D:9      | Killed a two-headed ogre
  9746 | D:9      | Reached * piety under Cheibriados
  9990 | D:10     | Entered Level 10 of the Dungeon
 10086 | D:10     | Noticed Erolcha
 10092 | D:10     | Killed Erolcha
 10427 | D:10     | Reached ** piety under Cheibriados
 10435 | D:10     | Found Kamab's General Store.
 10444 | D:10     | Bought a potion of heal wounds for 50 gold pieces
 10486 | D:10     | Reached skill level 10 in Necromancy
 10496 | D:10     | Reached XP level 12. HP: 74/92 MP: 15/23
 10586 | D:10     | Found a staircase to the Lair.
 10806 | D:10     | Reached skill level 13 in Earth Magic
 11161 | D:10     | Reached *** piety under Cheibriados
 11565 | D:11     | Found a staircase to the Orcish Mines.
 11927 | D:11     | Reached skill level 5 in Invocations
 12570 | D:12     | Noticed a boulder beetle
 12579 | D:12     | Killed a boulder beetle
 12579 | D:12     | Reached **** piety under Cheibriados
 12579 | D:12     | Noticed a boulder beetle
 12589 | D:12     | Killed a boulder beetle
 12864 | D:12     | Learned a level 5 spell: Lee's Rapid Deconstruction
 12930 | D:12     | Noticed a two-headed ogre
 12934 | D:12     | Killed a two-headed ogre
 13156 | D:12     | Noticed a two-headed ogre
 13161 | D:12     | Killed a two-headed ogre
 13162 | D:12     | Reached skill level 5 in Armour
 13498 | D:13     | Noticed a deep elf knight
 13500 | D:13     | Found a transporter.
 13591 | D:13     | Noticed a hell hog
 13592 | D:13     | Noticed a centaur warrior
 13597 | D:13     | Noticed raetorn's ghost (journeyman SpEn)
 13600 | D:13     | Noticed a centaur warrior
 13602 | D:13     | Killed a centaur warrior
 13603 | D:13     | Reached XP level 13. HP: 26/98 MP: 1/25
 14128 | D:13     | Noticed a tentacled starspawn
 14328 | D:13     | Killed a centaur warrior
 14521 | D:13     | Reached skill level 14 in Earth Magic
 14713 | D:13     | Noticed an ice dragon
 14717 | D:13     | Found a one-way gate to the infinite horrors of the Abyss.
 14718 | D:13     | Found a transporter.
 14845 | D:13     | Noticed a centaur warrior
 14849 | D:13     | Killed a centaur warrior
 15036 | D:13     | Noticed a ghost moth
 15158 | Lair:1   | Entered Level 1 of the Lair of Beasts
 15169 | Lair:1   | Found a frozen archway.
 15178 | IceCv    | Entered an ice cave
 17065 | Lair:1   | Reached ***** piety under Cheibriados
 17066 | Lair:1   | Reached skill level 10 in Invocations
 17442 | Lair:1   | Reached skill level 10 in Fighting
 17476 | Lair:1   | Noticed Nergalle
 17480 | Lair:1   | Killed Nergalle
 17536 | Lair:1   | Reached XP level 14. HP: 83/107 MP: 16/27
 18336 | Lair:2   | Noticed Urug
 18343 | Lair:2   | Killed Urug
 18695 | Lair:2   | Found a gate leading to a gauntlet.
 18704 | Gauntlet | Entered a Gauntlet
 18704 | Gauntlet | Found a transporter.
 18704 | Gauntlet | Found a transporter.
 18736 | Gauntlet | Found a transporter.
 18756 | Gauntlet | Found a transporter.
 18764 | Gauntlet | Found a transporter.
 18767 | Gauntlet | Found a transporter.
 18769 | Gauntlet | Found a large runed translucent door.
 18770 | Gauntlet | Found a large runed translucent door.
 18771 | Gauntlet | Found a large runed translucent door.
 18771 | Gauntlet | Found a large runed translucent door.
 18771 | Gauntlet | Found a runed translucent door.
 18771 | Gauntlet | Found a runed translucent door.
 18772 | Gauntlet | Found a large runed translucent door.
 18773 | Gauntlet | Found a large runed translucent door.
 18774 | Gauntlet | Found a large runed translucent door.
 18774 | Gauntlet | Found a large runed translucent door.
 18775 | Gauntlet | Found a runed translucent gate.
 18775 | Gauntlet | Found a runed translucent gate.
 18775 | Gauntlet | Found a runed translucent gate.
 18776 | Gauntlet | Noticed a dire elephant
 18777 | Gauntlet | Found a transporter.
 18786 | Gauntlet | Found a large runed translucent door.
 18786 | Gauntlet | Found a large runed translucent door.
 18787 | Gauntlet | Found a large runed translucent door.
 18788 | Gauntlet | Found a large runed translucent door.
 18793 | Gauntlet | Noticed a dire elephant
 18799 | Gauntlet | Found a transporter.
 18810 | Gauntlet | Found a transporter.
 18813 | Gauntlet | Found a transporter.
 18821 | Gauntlet | Found a transporter.
 18824 | Gauntlet | Found a transporter.
 18862 | Gauntlet | Found a large runed translucent door.
 18863 | Gauntlet | Found a large runed translucent door.
 18864 | Gauntlet | Found a large runed translucent door.
 18864 | Gauntlet | Found a large runed translucent door.
 19100 | Gauntlet | Killed a dire elephant
 19101 | Gauntlet | Reached skill level 10 in Spellcasting
 19130 | Gauntlet | Reached skill level 1 in Shields
 19336 | Gauntlet | Identified the +7 battleaxe of Tender Mercy {venom, Dex+3
                  | Stlth+}
 19336 | Gauntlet | Noticed a minotaur
 19342 | Gauntlet | Killed a minotaur
 19577 | Gauntlet | Identified the +9 short sword of Zogheas {flame, Dex+4}
 19577 | Gauntlet | Identified the +0 chain mail "Fodeg" {rF+ SInv}
 20091 | Lair:2   | Identified the +10 chain mail of Luggiug {Int+4}
 20852 | Lair:3   | Identified the amulet "Xiqet" {Spirit rElec}
 21161 | Lair:3   | Reached skill level 15 in Earth Magic
 21529 | Lair:3   | Reached skill level 5 in Transmutations
 21715 | Lair:3   | Found a staircase to the Swamp.
 21793 | Lair:3   | Found a staircase to the Snake Pit.
 22275 | Lair:4   | Reached XP level 15. HP: 117/117 MP: 26/29
 22519 | Lair:4   | Identified the +0 leather armour "Dadgham" {rC+ Stlth+}
 22795 | Lair:5   | Entered Level 5 of the Lair of Beasts
 22795 | Lair:5   | Found a staircase to the Slime Pits.
 23074 | Lair:5   | Reached ****** piety under Cheibriados
 24737 | Lair:5   | Identified the +9 short sword "Raxef" {freeze, Str+2}
 24908 | Orc:1    | Entered Level 1 of the Orcish Mines
 25505 | Orc:2    | Entered Level 2 of the Orcish Mines
 25849 | Orc:1    | Reached skill level 16 in Earth Magic
 26430 | Orc:2    | Reached XP level 16. HP: 105/127 MP: 24/31
 26780 | Orc:2    | Found Kaloe's Antique Weapon Boutique.
 26840 | Orc:2    | Found Nueh's Assorted Antiques.
 26851 | Orc:2    | Bought a scroll labelled CEUFIAHIDWO for 39 gold pieces
 26851 | Orc:2    | Bought a scroll of identify for 78 gold pieces
 26851 | Orc:2    | Bought a scroll of identify for 78 gold pieces
 26985 | Orc:2    | Found a staircase to the Elven Halls.
 27160 | Orc:2    | Found Tiggaok's Book Boutique.
 27191 | Orc:2    | Found Locozak's Antique Armour Boutique.
 27206 | Orc:2    | Found Joats's General Store.
 27551 | Snake:1  | Entered Level 1 of the Snake Pit
 27576 | Snake:1  | Reached skill level 10 in Armour
 28126 | Snake:1  | Reached skill level 5 in Shields
 29225 | Snake:2  | Reached skill level 17 in Earth Magic
 30201 | Snake:2  | Reached XP level 17. HP: 45/135 MP: 17/32
 31515 | Snake:3  | Identified a scroll of acquirement
 31516 | Snake:3  | Acquired 909 gold pieces
 32246 | Snake:4  | Entered Level 4 of the Snake Pit
 32383 | Snake:4  | Reached skill level 10 in Transmutations
 33044 | Snake:4  | Reached skill level 18 in Earth Magic
 33234 | Snake:4  | Reached skill level 1 in Conjurations
 33266 | Snake:4  | HP: 1/136 [salamander tyrant (30)]
 33267 | Snake:4  | Killed from afar by a salamander tyrant

Illustrated notes

Levels and vault maps discovered:
D:1:      beargit_arrival_greenhouse, layout_loops_ring, basic_ecumenical_altar,
          patterned_corridor
D:2:      layout_rooms, serial_shops, nicolae_shop_crystal,
          chequers_serial_rivers_small_b, st_stairs_1
D:3:      layout_basic, serial_shops, nicolae_shop_behind_doors,
          chequers_serial_rivers_micro_d, minmay_quantized, uniq_natasha
D:4:      layout_basic, minmay_temple_entry_arrows, uniq_pikel
D:5:      layout_rooms, fedhas_altar_decomposition, solitary_fountain
D:6:      layout_gridville, gammafunk_ghost_arena, uniq_edmund, uniq_grinder
D:7:      layout_layer_cave, mainiacjoe_overflow_six_doors_small
D:8:      layout_basic, serial_shops, shop, minivault_14
D:9:      layout_roguey, old_standard_altar, slow_altar_1, grunt_ministairs_2,
          kennysheep_generic_room_5
D:10:     layout_basic, minmay_lair_entry_grove, serial_shops, shop,
          enter_bailey_2, uniq_erolcha
D:11:     layout_gridville, david_orc_3
D:12:     layout_basic, serial_rivers, chequers_serial_rivers_room_a,
          chequers_serial_rivers_marsh, chequers_serial_rivers_room_a,
          chequers_serial_rivers_large_a, chequers_serial_rivers_marsh,
          chequers_serial_rivers_room_b
D:13:     layout_basic, gammafunk_ghost_abyssal_escape, abandoned_shop,
          amcnicky_mini_rare_corridor_liquid
Temple:   mainiacjoe_temple_coin_purse
Lair:1:   layout_small_grid, portal_ice_cave_entry_pillars_2, uniq_nergalle
Lair:2:   layout_chaotic_city, gauntlet_entry_generic, st_stairs_10,
          lemuel_fruit_fields, uniq_urug
Lair:3:   nzn_motion_control, layout_regular_city, palyth_hydra_swamp_entry,
          nicolae_snake_entry_warm_welcome
Lair:4:   layout_gridlike, serial_bayou_ford_a, lemuel_fruit_fields,
          lemuel_fruit_tree, grunt_megastairs_4
Lair:5:   minmay_lair_end_enchanted_forest, layout_regular_city,
          minmay_slime_entry_oklob_open, grunt_megastairs_1
Snake:1:  layout_misc_corridors
Snake:2:  layout_cave_town, nicolae_snake_snakewalk
Snake:3:  layout_onion
Snake:4:  snake_hunt, layout_layer_cave, st_stairs_8, serial_bayou_crossing
Orc:1:    layout_diamond_mine, nicolae_orc_tapped_out
Orc:2:    grunt_orc_cross, layout_caves, guppyfry_orc_lava_fort

Skill      XL: |  1  2  3  4  5  6  7  8  9 10 11 12 13 14 15 16 17 |
---------------+----------------------------------------------------+-----
Earth Magic    | 4 5 6 8 9 11 12 13 14 15 16 17 18 | 18.1
Fighting       | 1 2 3 4 5 6 7 8 10 11 12 13 | 13.0
Necromancy     | 1 3 5 7 8 10 | 10.0
Transmutations | 2 3 5 7 9 10 | 10.5
Spellcasting   | 3 4 5 6 7 8 9 10 11 12 | 12.3
Armour         | 3 5 7 8 9 10 11 | 11.1
Invocations    | 3 7 10 12 13 | 13.0
Shields        | 3 4 7 9 |  9.6
Conjurations   | 1 |  1.2
Dodging        | |  1.7
Stealth        | |  2.4

Action                     |  1- 3 |  4- 6 |  7- 9 | 10-12 | 13-15 | 16-18 || total
---------------------------+-------+-------+-------+-------+-------+-------++-------
  Melee: Club              |     7 |       |       |       |       |       ||     7
         Unarmed           |     3 |    11 |       |       |       |       ||    14
         Dagger            |     8 |    34 |     3 |       |       |       ||    45
         Punch             |       |     1 |       |     3 |     2 |       ||     6
         Quarterstaff      |       |       |    10 |     1 |       |       ||    11
         Short sword       |       |       |       |    92 |   153 |   492 ||   737
         Trident           |       |       |       |       |    21 |       ||    21
  Throw: Dart              |       |       |     3 |     3 |       |       ||     6
   Cast: Sandblast         |    48 |    66 |   136 |   204 |   288 |     5 ||   747
         Borgnjor's Vile C |       |       |     2 |    68 |   153 |   122 ||   345
         Passwall          |       |       |       |     3 |       |     2 ||     5
         Lee's Rapid Decon |       |       |       |     2 |    12 |     1 ||    15
         Stone Arrow       |       |       |       |       |    62 |    24 ||    86
 Invoke: Temporal Distorti |       |       |       |     2 |       |       ||     2
         Slouch            |       |       |       |       |     6 |     1 ||     7
         Bend Time         |       |       |       |       |     1 |     2 ||     3
         Step From Time    |       |       |       |       |       |     2 ||     2
Ability: Dig               |       |       |       |     1 |       |       ||     1
  Evoke: Wand              |       |       |       |     6 |     1 |       ||     7
    Use: Scroll            |       |     3 |     1 |     7 |    10 |     6 ||    27
         Potion            |       |     2 |       |     1 |     4 |     5 ||    12
   Stab: Sleeping          |       |     3 |       |     1 |       |       ||     4
 Armour: Robe              |     1 |     3 |    19 |    86 |    21 |       ||   130
         Troll leather arm |     7 |     3 |       |       |       |       ||    10
         Skin              |       |    22 |     1 |       |     6 |       ||    29
         Chain mail        |       |       |       |       |   210 |   218 ||   428
  Dodge: Dodged            |    22 |    32 |    60 |   257 |   500 |   371 ||  1242
  Block: Buckler           |       |       |       |       |   190 |    63 ||   253
         Kite shield       |       |       |       |       |       |   409 ||   409
